Match 44964033
Unlisted

Match 44964033
End
Selects Australian Defense Battlegroup
Selects Australian Light Infantry Section
Australian Light Infantry Section
Construct Section Command Post
Dingo Light Scout Car
Infantry Section
Infantry Section
Construct Platoon Command Post
Unlock M3 Stuart Light Tanks
M3 Stuart Light Tank
M3 Stuart Light Tank
Selects CMP 15cwt Supply Run
CMP 15cwt Supply Run
CMP 15cwt Truck
6-pounder Anti-tank Gun Team
Construct Company Command Post
Infantry Training
Selects Reinforced Resource Caches
Crusader II Medium Tank
Crusader II Medium Tank
Vickers Machine Gun Team
Grenade Package
Selects 2-pounder Anti-tank Gun Team
Selects Vehicle Over Repair
Crusader II Medium Tank
6-pounder Anti-tank Gun Team
Crusader II Medium Tank
Armored Vehicle Training
Selects Archer Tank Destroyer
Crusader II Medium Tank
Archer Tank Destroyer
Royal Engineer Section
Crusader II Medium Tank
Crusader II Medium Tank
Crusader II Medium Tank
Royal Engineer Section
Fochkes
Man
NARKOPIK!!
Hknudsen
0
0

Comments sign in to comment!

No comments posted yet!